 Dungeon Crawl Stone Soup version 0.18.1-6-gd335043 (webtiles) character file.

280 Gingerlord the Skirmisher (level 6, 0/49 HPs)
             Began as a Formicid Abyssal Knight on May 17, 2016.
             Was a Believer of Lugonu.
             Slain by richardnixon's ghost (7 damage)
             ... on level 4 of the Dungeon.
             The game lasted 00:05:13 (3606 turns).

Gingerlord the Skirmisher (Formicid Abyssal Knight) Turns: 3606, Time: 00:05:14

Health: 0/49       AC: 10    Str: 17    XL:     6   Next: 52%
Magic:  8/8        EV:  8    Int: 11    God:    Lugonu [**....]
Gold:   205        SH:  0    Dex: 12    Spells: 0 memorised, 5 levels left

rFire  . . .     SeeInvis +     a - +1 falchion
rCold  . . .     Gourm    .     j - +0 chain mail
rNeg   . . .     Faith    .     (no shield)
rPois  .         Spirit   .     (helmet unavailable)
rElec  .         Dismiss  .     (no cloak)
rCorr  .         Reflect  .     (no gloves)
SustAt .         Harm     .     o - +0 pair of boots
MR     .....                    (no amulet)
Stlth  ..........               (no ring)
                                e - ring of stealth

@: not resistant to hostile enchantments, extremely unstealthy
A: permanent stasis, dig shafts and tunnels, four strong arms, antennae 3
a: Dig, Shaft Self, Depart the Abyss, Bend Space, Renounce Religion


You were on level 4 of the Dungeon.
You worshipped Lugonu.
Lugonu was pleased with you.
You were not hungry.

You visited 1 branch of the dungeon, and saw 4 of its levels.
You visited the Abyss 1 time.

You collected 205 gold pieces.

Inventory:

Hand Weapons
 a - a +1 falchion (weapon)
Armour
 j - a +0 chain mail (worn)
 o - a +0 pair of boots (worn)
Jewellery
 e - a ring of stealth (left hand)
Scrolls
 b - a scroll of noise {unknown}
 f - 2 scrolls of remove curse
 g - 2 scrolls of identify {unknown}
 i - a scroll of amnesia {unknown}
 l - a scroll of teleportation {unknown}
 m - a scroll of blinking {unknown}
 n - a scroll of random uselessness {unknown}
Potions
 d - a potion of berserk rage {unknown}
 k - a potion of cancellation {unknown}
Comestibles
 c - 4 bread rations
 h - a meat ration


   Skills:
 + Level 4.5 Fighting
 + Level 3.2 Long Blades
 + Level 3.9 Armour
 + Level 2.4 Dodging
 - Level 0.6 Stealth
 + Level 3.3 Invocations


You had 5 spell levels left.
You didn't know any spells.

Dungeon Overview and Level Annotations

Branches:
Dungeon (4/15)
 Temple: D:4-7

Altars:
Ashenzari
Pakellas
Qazlal

Shops:
D:4 !

Annotations:
D:4 richardnixon's ghost, amateur FeTm


Innate Abilities, Weirdness & Mutations

You are under a permanent stasis effect.
You can dig through walls and to a lower floor.
Your four strong arms can wield two-handed weapons with a shield.
You have a pair of large antennae on your head (SInv).


Message History

You are too injured to fight recklessly!
You are too injured to fight recklessly!
You are too injured to fight recklessly!
You are too injured to fight recklessly!
You are too injured to fight recklessly!
You are too injured to fight recklessly!
You are too injured to fight recklessly!
You are too injured to fight recklessly!
You are too injured to fight recklessly!
You closely miss richardnixon's ghost.
Richardnixon's ghost is moderately damaged.
Richardnixon's ghost hits you.
* * * LOW HITPOINT WARNING * * *
You closely miss richardnixon's ghost.
Richardnixon's ghost is moderately damaged.
Richardnixon's ghost hits you.
* * * LOW HITPOINT WARNING * * *
Unknown command.
Richardnixon's ghost hits you!
You die...

#.# #.#.# #.#.## ≈≈##
#.#..≈≈≈≈≈# #.#..
.∩≈≈# #...# ≈≈≈≈ #..#
≈≈≈ #.W# #.#
#.@###.###.##
#.>.........#
##############.###.##
#......##......#
#..............#
#....(.........#
#..............#
######.........#
#.........#


You could see richardnixon's ghost.

Vanquished Creatures
  Ijyb (D:2)
  Jessica (D:3)
  Terence (D:2)
  Natasha (twice) (D:3 D:2)
  4 gnolls
  2 adders
  2 oozes (D:1)
  2 dart slugs
  A giant gecko (D:3)
  3 orcs (D:3)
  8 bats
  2 giant cockroaches
  9 goblins
  6 hobgoblins
  17 jackals
  9 kobolds
  3 giant newts (D:1)
  8 rats
81 creatures vanquished.

Notes
Turn   | Place    | Note
--------------------------------------------------------------
     0 | Abyss:1  | Gingerlord the Formicid Abyssal Knight began the quest for the Orb.
     0 | Abyss:1  | Reached XP level 1. HP: 18/18 MP: 2/2
    30 | Abyss:1  | Noticed a thrashing horror
    31 | D:1      | Escaped the Abyss
    80 | D:1      | Reached XP level 2. HP: 19/24 MP: 3/3
    93 | D:1      | Reached * piety under Lugonu
   192 | D:1      | Reached XP level 3. HP: 5/30 MP: 4/4
   785 | D:1      | Reached skill level 1 in Dodging
   836 | D:1      | Reached skill level 4 in Fighting
  1494 | D:1      | Reached XP level 4. HP: 20/37 MP: 5/5
  1655 | D:2      | Noticed Ijyb
  1665 | D:2      | Killed Ijyb
  1688 | D:2      | Found an oddly glowing altar of Pakellas.
  1721 | D:2      | Reached ** piety under Lugonu
  1740 | D:2      | Found a faded altar to an unknown god.
  1773 | D:2      | Noticed Terence
  1779 | D:2      | Killed Terence
  1779 | D:2      | Reached XP level 5. HP: 41/42 MP: 6/6
  2392 | D:3      | Found a shattered altar of Ashenzari.
  2487 | D:3      | Noticed Natasha
  2497 | D:3      | Killed Natasha
  2519 | D:3      | Noticed Natasha
  2848 | D:2      | Killed Natasha
  2848 | D:2      | Reached XP level 6. HP: 7/49 MP: 8/8
  3227 | D:3      | Noticed Jessica
  3237 | D:3      | Killed Jessica
  3293 | D:3      | Found a stormy altar of Qazlal.
  3584 | D:4      | Found Ajygumu's Distillery.
  3589 | D:4      | Noticed richardnixon's ghost (amateur FeTm)
  3606 | D:4      | Slain by richardnixon's ghost

Skill      XL: |  1  2  3  4  5 |
---------------+----------------+-----
Dodging        | 1 2 |  2.4
Fighting       | 4 |  4.5
Armour         | 3 |  3.9
Long Blades    | 3 |  3.2
Invocations    | 3 |  3.3
Stealth        | |  0.6

Action                   |  1- 3 |  4- 6 || total
-------------------------+-------+-------++-------
Melee: Falchion          |   135 |   231 ||   366
Invok: Depart the Abyss  |     1 |       ||     1
 Abil: Dig               |     1 |       ||     1
  Use: Scroll            |     1 |       ||     1
       Potion            |       |     1 ||     1
 Stab: Sleeping          |     1 |       ||     1
  Eat: Chunk             |     1 |     4 ||     5
       Bread ration      |       |     1 ||     1
Armor: Leather armour    |    26 |       ||    26
       Ring mail         |    42 |     3 ||    45
       Chain mail        |       |   129 ||   129
Dodge: Dodged            |   136 |    98 ||   234
